AoeStats
← sesquipedalia

Arena

508176776Analyzed
4v4 RM · 10d ago on Sep 21, 2026· 42m 2s· 8 players
Game mode
Random Map
Map size
Large (8 player)
Population
200
Speed
Normal
Resources
Standard
Victory
Conquest
Starting age
Dark Age
Ending age
Imperial Age
RankedLock teamsTeams togetherTeam positionsShared explorationLock speedFull tech treeHidden civsTurbo modeCheats
Victory
Defeat
🇨🇳 Huns · China
1364
+13
🇨🇳 Persians · China
1357
+13
🇹🇷 Byzantines · Türkiye
1340
+14
🇹🇼 Malay · Taiwan
1338
+14
🇺🇸 Persians · United States
1453
-20
🇺🇸 Turks · United States
1413
-18
🇲🇽 Britons · Mexico
1202
-10
🇺🇸 Magyars · United States
1080
-14
TW_Picar
9:15 Feudal Age
8:59 Loom
10:02 Fletching
14:43 Double-Bit Axe
15:18 Horse Collar
21:03 Wheelbarrow
24:14 Castle Age
24:15 Bow Saw
24:07 Heavy Plow
25:08 Bodkin Arrow
27:37 Gold Mining
29:48 Gold Shaft Mining
32:36 Stone Mining
33:08 Hand Cart
35:28 Imperial Age
34:42 Forging
34:26 Pikeman
35:06 Squires
35:58 Stone Shaft Mining
36:08 Iron Casting
35:34 Bracer
35:47 Halberdier
36:28 Padded Archer Armor
35:55 Elite Skirmisher
37:20 Conscription
39:44 Town Watch
40:45 Padded Archer Armor
41:45 Blast Furnace
41:28 Ballistics
42:09 Chemistry
41:16 Siege Engineers
40:52 Treadmill Crane
42:37 Leather Archer Armor
老头
10:32 Feudal Age
14:45 Castle Age
13:06 Double-Bit Axe
13:17 Horse Collar
15:43 Bow Saw
20:40 Loom
22:31 Wheelbarrow
23:15 Gold Mining
24:44 Heavy Plow
24:37 Stone Mining
26:03 Hand Cart
27:13 Stone Shaft Mining
30:37 Imperial Age
29:22 Scale Barding Armor
29:27 Forging
30:08 Gold Shaft Mining
30:26 Bloodlines
30:16 Husbandry
30:39 Chain Barding Armor
31:26 Crop Rotation
31:35 Iron Casting
32:17 Two-Man Saw
32:10 Elite War Elephant
35:20 Devotion
35:51 Caravan
36:52 Faith
37:39 Plate Barding Armor
38:05 Blast Furnace
40:09 Hoardings
39:43 Kamandaran
39:53 Citadels
40:04 Conscription
39:37 Fletching
39:48 Padded Archer Armor
41:35 Sappers
42:18 Masonry
42:30 Ballistics
43:10 Chemistry
42:07 Murder Holes
42:14 Bodkin Arrow
42:34 Leather Archer Armor
tirtil
10:53 Feudal Age
14:34 Castle Age
12:43 Double-Bit Axe
12:39 Horse Collar
15:49 Bow Saw
16:21 Heavy Plow
18:59 Wheelbarrow
23:17 Loom
24:29 Gold Mining
24:29 Stone Mining
27:20 Imperial Age
25:15 Scale Barding Armor
25:20 Forging
25:50 Gold Shaft Mining
26:12 Treadmill Crane
26:55 Hand Cart
27:32 Chain Barding Armor
27:47 Iron Casting
27:34 Husbandry
28:54 Plate Barding Armor
30:16 Hoardings
30:03 Conscription
30:55 Ballistics
31:41 Chemistry
34:09 Logistica
33:27 Light Cavalry
33:33 Heavy Camel Rider
35:18 Fletching
37:18 Light Cavalry
40:09 Two-Man Saw
39:44 Crop Rotation
38:42 Elite Cataphract
41:27 Hussar
42:29 Bodkin Arrow
很蓝的啦
10:00 Feudal Age
14:03 Castle Age
12:12 Double-Bit Axe
12:27 Horse Collar
15:20 Bow Saw
20:41 Stone Mining
21:09 Gold Mining
23:32 Gold Shaft Mining
22:46 Loom
22:51 Town Watch
23:53 Wheelbarrow
24:52 Ballistics
24:34 Fletching
24:45 Padded Archer Armor
25:24 Bodkin Arrow
26:23 Bloodlines
26:13 Husbandry
26:51 Hand Cart
26:37 Town Patrol
30:40 Imperial Age
28:36 Scale Barding Armor
28:42 Forging
28:49 Leather Archer Armor
28:44 Caravan
29:15 Thumb Ring
28:38 Light Cavalry
29:26 Heavy Plow
30:41 Chain Barding Armor
30:32 Town Patrol
31:23 Iron Casting
30:51 Marauders
32:22 Two-Man Saw
31:25 Bracer
32:28 Chemistry
32:03 Parthian Tactics
32:21 Plate Barding Armor
32:53 Coinage
32:33 Guilds
32:14 Hussar
33:01 Heavy Cavalry Archer
34:24 Conscription
36:02 Atheism
35:45 Elite Tarkan
38:53 Blast Furnace
Auto Horse
10:59 Feudal Age
14:47 Castle Age
14:33 Loom
23:54 Double-Bit Axe
24:33 Horse Collar
30:41 Imperial Age
29:16 Padded Archer Armor
29:22 Gold Mining
29:48 Bow Saw
SeañeZ
11:15 Feudal Age
15:14 Castle Age
13:38 Double-Bit Axe
14:47 Horse Collar
17:38 Bow Saw
21:52 Gold Mining
29:13 Imperial Age
26:41 Fletching
28:36 Bodkin Arrow
29:33 Wheelbarrow
29:54 Ballistics
29:02 Crossbowman
30:58 Conscription
30:45 Bracer
31:37 Hand Cart
33:25 Padded Archer Armor
34:34 Chemistry
33:38 Arbalester
35:16 Leather Archer Armor
Ya Boy Abyss
11:28 Feudal Age
15:46 Castle Age
13:38 Double-Bit Axe
13:36 Horse Collar
16:18 Padded Archer Armor
16:08 Fletching
18:29 Wheelbarrow
18:42 Wheelbarrow
19:43 Bow Saw
24:08 Gold Mining
24:10 Stone Mining
26:36 Leather Archer Armor
26:20 Bodkin Arrow
28:39 Gold Shaft Mining
29:10 Heavy Plow
30:35 Thumb Ring
29:52 Elite Skirmisher
31:32 Bloodlines
31:24 Husbandry
31:34 Scale Barding Armor
32:48 Hand Cart
32:19 Loom
33:24 Chain Barding Armor
33:17 Corvinian Army
37:05 Imperial Age
37:39 Pikeman
38:28 Halberdier
sesquipedalia
4:54 Loom
9:20 Feudal Age
13:27 Castle Age
11:59 Double-Bit Axe
14:06 Bow Saw
18:57 Horse Collar
22:40 Wheelbarrow
26:17 Hand Cart
29:21 Imperial Age
28:10 Heavy Plow
28:18 Scale Barding Armor
28:57 Bloodlines
28:59 Forging
29:03 Gold Mining
30:01 Chain Barding Armor
29:10 Cavalier
31:04 Iron Casting
30:51 Husbandry
32:21 Plate Barding Armor
33:22 Crop Rotation
33:58 Two-Man Saw
35:17 Gold Shaft Mining
35:34 Savar
36:26 Stone Mining
37:38 Blast Furnace
36:02 Light Cavalry
37:39 Scale Mail Armor
37:01 Pikeman
37:42 Squires
37:28 Arson
37:58 Town Watch
38:10 Fletching
39:25 Chemistry
38:45 Ballistics
38:37 Masonry
38:24 Murder Holes
39:18 Stone Shaft Mining
38:18 Halberdier
38:44 Gambesons
39:16 Chain Mail Armor
38:53 Fletching
41:00 Capped Ram
Connection lost

Rejoining the realm…

Still unreachable

The connection could not be restored.

Session expired

The server has moved on; the page needs a fresh start.